 Dungeon Crawl Stone Soup version 0.30-a0-949-g53dc5368d7 (webtiles) character file.

Game seed: 15102666155129208817

66 Dirtsage the Chopper (level 3, 0/29 HPs)
             Began as a Demonspawn Fighter on Mar 27, 2023.
             Slain by an adder (2 damage)
             ... on level 3 of the Dungeon.
             The game lasted 00:02:18 (1381 turns).

Dirtsage the Chopper (Demonspawn Fighter)           Turns: 1381, Time: 00:02:18

Health: 0/29       AC:  6    Str: 18    XL:     3   Next: 96%
Magic:  3/3        EV:  9    Int:  9    God:
Gold:   129        SH:  4    Dex: 12    Spells: 2/2 levels left

rFire   . . .      SeeInvis +    a - +0 war axe
rCold   . . .      Faith    .    c - +0 buckler
rNeg    . . .      Spirit   .    b - +0 scale mail
rPois   .          Reflect  .    (no helmet)
rElec   .          Rampage  .    (no cloak)
rCorr   .                        (no gloves)
Will    .....                    (no boots) Stlth
                                 (no amulet)
HPRegen 0.24/turn                j - ring of flight
MPRegen 0.08/turn                S - ring of see invisible

@: mighty, flying
A: ignite blood 1
a: no special abilities


You were on level 3 of the Dungeon.
You visited 1 branch of the dungeon, and saw 3 of its levels.

You collected 129 gold pieces.

Inventory:

Hand Weapons
 a - a +0 war axe (weapon)
Armour
 b - a +0 scale mail (worn)
 c - a +0 buckler (worn)
Magical Staves
 f - a staff of poison
Jewellery
 j - a ring of flight (left hand)
 S - a ring of see invisible (right hand)
Wands
 e - a wand of roots (10)
Scrolls
 g - 3 scrolls of teleportation {unknown}
 h - a scroll of identify {unknown}
 k - a scroll of brand weapon {unknown}
Potions
 i - a potion of curing {unknown}
 l - a potion of invisibility {unknown}


   Skills:
 - Level 3.0 Fighting
 + Level 3.9 Axes
 - Level 2.6 Armour
 - Level 2.6 Shields


You had 2 spell levels left.
You didn't know any spells.
Your spell library contained the following spells:

 Spells                   Type           Power      Damage    Failure   Level
 Cigotuvi's Dreadful Rot  Necr/Pois/Air  0%         N/A       95%         2
 Poisonous Vapours        Pois/Air       0%         N/A       95%         2
 Mephitic Cloud           Conj/Pois/Air  0%         N/A       99%         3


Dungeon Overview and Level Annotations

Branches:
Dungeon (3/15)

Altars:
Cheibriados


Innate Abilities, Weirdness & Mutations

Your demonic aura sometimes causes spilled blood to erupt in flames.


Message History

The adder poisons you! The adder barely misses you.
The orc throws a stone.
The stone closely misses you. You block the orc's attack.
You take 2 damage, and have 27/29 hp.
You barely miss the adder.
The adder is moderately wounded.
You hit the orc.
You feel very sick. The adder barely misses you.
A ball python comes into view.
The orc is engulfed in blazing flames.
You kill the orc!
You take 3 damage, and have 24/29 hp.
You miss the adder.
The adder is moderately wounded.
You feel sick. The adder bites you but does no damage.
You block the adder's attack.
You closely miss the adder.
The adder is moderately wounded.
You feel sick. The adder bites you. The adder bites you but does no damage.
The orc wizard gestures at you while chanting.
The magic dart hits you.
You take 8 damage, and have 16/29 hp.
MASSIVE DAMAGE!!
You closely miss the orc wizard. You barely miss the adder.
You hit the orc but do no damage.
You feel sick. The adder bites you but does no damage.
The orc wizard hits you with a +0 war axe.
The orc hits you but does no damage. You block the adder's attack.
You take 6 damage, and have 10/29 hp.
MASSIVE DAMAGE!!
You feel very mighty all of a sudden.
You feel sick.
You are no longer poisoned.
The adder barely misses you. The orc hits you but does no damage.
The orc wizard hits you with a +0 war axe!
* * * LOW HITPOINT WARNING * * *
You take 8 damage, and have 2/29 hp.
MASSIVE DAMAGE!!
You barely miss the orc wizard. You closely miss the orc.
You slash the ball python!
You kill the ball python!
You closely miss the adder. The adder bites you.
You die...

#. #. #. #####.#####
#......... #####
#........#### #...#
#.....oS....# #.#.#
#..[.oo@..#.# #.#.#
......†)$.#.# #.#.#
..........#.# #.#.#
).........#.# #.#.#
.=..#+#'###.# #.#.#
....#.#.....# #.#)# ...
#.##....#######.#)#
......#...............#)#
......#............####.#


You could see an orc wizard, an adder and 2 orcs.

Vanquished Creatures
  An adder (D:2)
  A worm (D:2)
  6 orcs (D:3)
  5 ball pythons
  2 endoplasms (D:1)
  3 giant cockroaches
  A goblin (D:1)
  5 hobgoblins
  4 jackals (D:1)
  2 quokkas (D:2)
  5 bats
  3 kobolds
  4 rats
42 creatures vanquished.

Vanquished Creatures (others)
  2 plants (D:2)
2 creatures vanquished.

Grand Total: 44 creatures vanquished

Notes
Turn   | Place    | Note
-------+----------+-------------------------------------------
     0 | D:1      | Dirtsage the Demonspawn Fighter began the quest for the
                  | Orb.
     0 | D:1      | Reached XP level 1. HP: 18/18 MP: 1/1
   100 | D:1      | Gained mutation: Your demonic aura sometimes causes spilled
                  | blood to erupt in flames. [demonic ancestry]
   100 | D:1      | Reached XP level 2. HP: 19/24 MP: 2/2
   130 | D:1      | You fall into a shaft and drop 1 floor!
   549 | D:2      | Reached XP level 3. HP: 29/29 MP: 3/3
  1190 | D:3      | Found a snail-covered altar of Cheibriados.
  1381 | D:3      | Slain by an adder

Illustrated notes

Levels and vault maps discovered:
D:1:      erik_arrival_orb_chamber, layout_basic, st_stairs_9,
          minmay_misc_feat_plants
D:2:      layout_loops_cross, serial_bayou_ford_a
D:3:      layout_basic, mainiacjoe_overflow_paths,
          eat_drink_and_be_merry_uskayaw

Skill      XL: |  1  2 |
---------------+-------+-----
Axes           | 2 3 |  3.9
Fighting       | |  3.0
Armour         | |  2.6
Shields        | |  2.6

Action                     || total
---------------------------++-------
  Melee: War axe           ||   128
    Use: Potion            ||     1
 Armour: Scale mail        ||    73
  Dodge: Dodged            ||    69
  Block: Buckler           ||    31

Table legend: (Time is in decaauts)
 A = Elapsed time spent in this place.
 B = Non-inter-level travel time spent in this place.
 C = Inter-level travel time spent in this place.
 D = Time resting spent in this place.
 E = Time spent auto-exploring this place.
 F = Levels seen in this place.
 G = Mean time per level.
                   A        B        C        D        E       F      G
               +--------+--------+--------+--------+--------+-----+--------+
         Total |   1429 |   1407 |     22 |     54 |   1062 |   3 |  476.3 |
       Dungeon |   1429 |   1407 |     22 |     54 |   1062 |   3 |  476.3 |
               +--------+--------+--------+--------+--------+-----+--------+

Top non-repeatable levels by time:
     D:2: 734 daAuts
     D:1: 456 daAuts
     D:3: 238 daAuts
